 Dungeon Crawl Stone Soup version 0.30.1 (webtiles) character file.

Game seed: 6669790917570600619

296 javelincjr the Caller (level 6, 0/30 HPs)
             Began as a Demonspawn Summoner on July 13, 2023.
             Was a Believer of Hepliaklqana.
             Slain by Grinder (5 damage)
             ... in a sewer.
             The game lasted 00:17:06 (3765 turns).

javelincjr the Caller (Demonspawn Summoner)         Turns: 3765, Time: 00:17:15

Health: 0/30       AC:  2    Str: 15    XL:     6   Next: 12%
Magic:  7/11       EV: 12    Int: 16    God:    Hepliaklqana [**....]
Gold:   163        SH:  4    Dex: 15    Spells: 6/12 levels left

rFire   . . .        l - +0 trident
rCold   + . .        k - +0 buckler
rNeg    . . .        a - +0 robe
rPois   .            (helmet restricted)
rElec   .            (no cloak)
rCorr   .            (no gloves)
SInv    .            (no boots)
Will    .....        (no amulet)
Stlth   +++          j - +6 ring of strength
HPRegen 0.25/turn    m - ring of protection from cold
MPRegen 0.24/turn

%: no passive effects
@: no status effects
A: reduced essence, antennae 2, foul stench 2, magic regeneration, thin skeletal
structure 1, dopey 1, frail 2
a: Renounce Religion, Recall Ancestor, Ancestor Identity


You were in a sewer.
You worshipped Hepliaklqana.
Hepliaklqana was pleased with you.
You visited 1 branch of the dungeon, and saw 4 of its levels.
You also visited: Sewer.

You collected 288 gold pieces.
You spent 125 gold pieces at shops.

Inventory:

Hand Weapons
 d - a +0 whip
 l - a +0 trident (weapon)
Armour
 a - a +0 robe (worn)
 k - a +0 buckler (worn)
Jewellery
 j - a +6 ring of strength (left hand)
 m - a ring of protection from cold (right hand)
 u - a ring of ice
Scrolls
 c - 2 scrolls of immolation {unknown}
 f - 3 scrolls of identify {unknown}
 g - 4 scrolls of teleportation {unknown}
 n - a scroll of fog {unknown}
 p - a scroll of magic mapping {unknown}
 q - a scroll of enchant armour {unknown}
 t - a scroll of torment {unknown}
 v - a scroll of poison {unknown}
Potions
 b - a potion of magic
 e - 4 potions of curing
 h - a potion of mutation
 i - 2 potions of haste {unknown}
 o - a potion of brilliance {unknown}
 r - 2 potions of degeneration {unknown}
 s - a potion of resistance {unknown}
 w - a potion of flight {unknown}


   Skills:
 + Level 2.0 Fighting
 + Level 2.6 Dodging
 + Level 2.6 Stealth
 + Level 1.2 Shields
 * Level 3.5 Spellcasting
 * Level 5.1 Summonings


You had 6 spell levels left.
You knew the following spells:

 Your Spells              Type           Power      Damage    Failure   Level
a - Summon Small Mammal   Summ           76%        N/A       3%          1
b - Call Imp              Summ           38%        N/A       4%          2
c - Call Canine Familiar  Summ           19%        N/A       9%          3

Your spell library contained the following spells:

 Spells                   Type           Power      Damage    Failure   Level
 Sandblast                Erth           4%         2d4       24%         1
 Summon Guardian Golem    Hex/Summ       11%        N/A       24%         3
 Passwall                 Tmut/Erth      1%         N/A       34%         2
 Stone Arrow              Conj/Erth      4%         3d7       56%         3
 Summon Lightning Spire   Summ/Air       11%        N/A       63%         4
 Animate Dead             Necr           2%         N/A       93%         4
 Borgnjor's Vile Clutch   Necr/Erth      1%         N/A       100%        5
 Death Channel            Necr           1%         N/A       100%        6


Dungeon Overview and Level Annotations

Branches:
Dungeon (4/15)              Sewer (1/1)
 Temple: D:4-7

Altars:
Hepliaklqana

Shops:
D:1 *

Annotations:
Sewer Grinder


Innate Abilities, Weirdness & Mutations

Your life essence is reduced to manifest your ancestor. (-10% HP)
You have a pair of antennae on your head.
You sometimes emit foul miasma when damaged in melee.
You regenerate magic rapidly.
You have a somewhat thin skeletal structure. (Dex +2, Stealth+)
You are dopey. (Int -2)
You are very frail. (-20% HP)


Message History

Your hound bites the kobold brigand but does no damage.
The ufetubus closely misses you. The ufetubus hits you.
The kobold brigand hits you with a +0 whip.
A kobold comes into view. It is wielding a +0 whip.
The ufetubus hits your cerulean imp.
Your cerulean imp dies!
Your cerulean imp disappears in a puff of smoke!
Your hound barely misses the kobold brigand.
The kobold brigand hits you with a +0 whip!
* * * LOW HITPOINT WARNING * * *
You emit a cloud of foul miasma!
Your hound bites the kobold brigand but does no damage.
The ufetubus hits your hound but does no damage.
The ufetubus misses your hound.
The kobold brigand is engulfed in dark miasma.
The kobold brigand is poisoned.
The kobold brigand barely misses you. The ufetubus hits you.
* * * LOW HITPOINT WARNING * * *
The ufetubus hits you.
* * * LOW HITPOINT WARNING * * *
There is an open door here.
You see here a +0 club.
You feel better.
Your hound misses the ufetubus.
The ufetubus hits your hound but does no damage.
The ufetubus hits your hound. The ufetubus closely misses you.
The ufetubus hits you but does no damage.
Your hound bites the ufetubus.
The kobold brigand is engulfed in dark miasma.
The kobold brigand looks even sicker.
The kobold brigand seems to slow down.
The kobold brigand hits you with a +0 whip.
* * * LOW HITPOINT WARNING * * *
The ufetubus misses your hound.
The ufetubus hits your hound but does no damage.
It was a potion of mutation.
You feel extremely strange.
You feel frail. x2; You feel stupid.
Your bones become slightly less dense.
The kobold brigand is no longer moving slowly.
The ufetubus misses you.
The ufetubus hits you but does no damage.
Your hound bites the ufetubus.
Grinder hits you.
You die...

#~≈≈#≈≈≈≈≈.#...#~≈≈≈≈≈#
#≈≈~#≈≈~≈~...≈...~≈≈≈≈#
#≈≈~#~≈.~..#≈≈≈#..≈≈~~#
#≈≈≈#......#≈≈≈#......#
#≈≈~#'#######≈#######+#
#≈~~#......#...#......
#~~~~~≈~≈≈~......~~~~~
#≈≈≈#≈≈≈≈≈≈#...#≈≈≈≈~~
#############@########
#55K# #..5§h..#
...'..)....K..K
...'.§._.§.'...
...'.......'...
≈≈≈#..§.§..#≈≈≈
#####.....##### ##+++##


You could see Grinder, a kobold brigand (very poisoned), 2 ufetubi, a kobold and
a friendly hound (summoned).

Vanquished Creatures
  A hound (D:3)
  2 adders (D:3)
  2 orcs (D:3)
  2 endoplasms (D:3)
  5 giant cockroaches
  2 hobgoblins (D:3)
  2 quokkas
  2 ball pythons (D:2)
  2 bats (D:3)
  3 frilled lizards
  3 kobolds
26 creatures vanquished.

Vanquished Creatures (collateral kills)
  A kobold brigand (Sewer)
  An orc priest (D:3)
  An orc wizard (D:3)
  An adder (D:2)
  2 shadow imps (Sewer)
  2 ufetubi (Sewer)
  2 orcs (D:3)
  3 endoplasms
  13 giant cockroaches
  3 goblins
  10 kobolds
  6 quokkas
  3 ball pythons
  4 bats
  A kobold zombie (Sewer)
  2 rats
55 creatures vanquished.

Vanquished Creatures (others)
  2 hexers (Sewer)
  A kobold (Sewer)
  A kobold zombie (Sewer)
4 creatures vanquished.

Grand Total: 85 creatures vanquished

Notes
Turn   | Place    | Note
-------+----------+-------------------------------------------
     0 | D:1      | javelincjr the Demonspawn Summoner began the quest for the
                  | Orb.
     0 | D:1      | Reached XP level 1. HP: 13/13 MP: 3/3
   592 | D:1      | Found Howug's Assorted Antiques.
   807 | D:1      | Discovered your monstrous ancestry.
   807 | D:1      | Gained mutation: You have a pair of small antennae on your
                  | head. [demonic ancestry]
   807 | D:1      | Reached XP level 2. HP: 14/19 MP: 0/5
   810 | D:1      | Learned a level 2 spell: Call Imp
  1103 | D:1      | Found a faded altar of an unknown god.
  1105 | D:1      | Prayed at the altar of an unknown god.
  1105 | D:1      | Became a worshipper of Hepliaklqana the Forgotten
  1105 | D:1      | Reached * piety under Hepliaklqana
  1537 | D:1      | Bought a runed agate ring for 125 gold pieces
  1583 | D:2      | Gained mutation: You have a pair of antennae on your head.
                  | [demonic ancestry]
  1583 | D:2      | Reached XP level 3. HP: 22/22 MP: 1/6
  2477 | D:3      | Reached ** piety under Hepliaklqana
  2478 | D:3      | Remembered your ancestor Rodica as a hexer
  2528 | D:3      | Reached skill level 1 in Fighting
  2528 | D:3      | Gained mutation: You regenerate magic rapidly. [demonic
                  | ancestry]
  2528 | D:3      | Reached XP level 4. HP: 28/28 MP: 6/8
  2596 | D:3      | Gained mutation: You may rarely emit foul miasma when
                  | damaged in melee. [demonic ancestry]
  2596 | D:3      | Reached XP level 5. HP: 23/33 MP: 9/9
  3135 | D:3      | Learned a level 3 spell: Call Canine Familiar
  3457 | D:4      | Found a glowing drain.
  3482 | Sewer    | Entered a sewer
  3537 | Sewer    | Reached skill level 1 in Shields
  3743 | Sewer    | Found a burning altar of Makhleb.
  3752 | Sewer    | Reached skill level 5 in Summonings
  3752 | Sewer    | Gained mutation: You sometimes emit foul miasma when
                  | damaged in melee. [demonic ancestry]
  3752 | Sewer    | Reached XP level 6. HP: 37/39 MP: 3/11
  3756 | Sewer    | Noticed Grinder
  3763 | Sewer    | HP: 1/39 [ufetubus (1)]
  3765 | Sewer    | Gained mutation: You are frail. (-10% HP) [potion of
                  | mutation]
  3765 | Sewer    | Gained mutation: You are very frail. (-20% HP) [potion of
                  | mutation]
  3765 | Sewer    | Gained mutation: You are dopey. (Int -2) [potion of
                  | mutation]
  3765 | Sewer    | Gained mutation: You have a somewhat thin skeletal
                  | structure. (Dex +2, Stealth+) [potion of mutation]
  3765 | Sewer    | Slain by Grinder

Illustrated notes

Levels and vault maps discovered:
D:1:      roderic_dead_forest, layout_loops_corners,
          chequers_ecumenical_altar_simple_redux, serial_shops, shop_coins
D:2:      minmay_roachtagon, layout_basic
D:3:      layout_basic, roderic_serpentine_path, kennysheep_cluttered_room
D:4:      layout_cave_pools, tso_metal_star, gup_sewer_entry_pipe, uniq_pikel
Sewer:    kennysheep_sewer_church

Skill      XL: |  1  2  3  4  5  6 |
---------------+-------------------+-----
Dodging        | 2 |  2.6
Stealth        | 2 |  2.6
Fighting       | 1 2 |  2.0
Spellcasting   | 3 |  3.5
Shields        | 1 |  1.2
Summonings     | 5 |  5.1

Action                     |  1- 3 |  4- 6 || total
---------------------------+-------+-------++-------
  Melee: Unarmed           |    13 |       ||    13
         Whip              |    35 |       ||    35
         Trident           |    18 |    48 ||    66
   Cast: Summon Small Mamm |    26 |     8 ||    34
         Call Imp          |     7 |    10 ||    17
         Call Canine Famil |       |     7 ||     7
 Invoke: Ancestor Life: He |     1 |       ||     1
    Use: Potion            |     1 |     2 ||     3
   Stab: Sleeping          |     2 |     3 ||     5
         Distracted        |     1 |       ||     1
 Armour: Robe              |    11 |     5 ||    16
  Dodge: Dodged            |    35 |    49 ||    84
  Block: Buckler           |     1 |    11 ||    12
